 Dungeon Crawl Stone Soup version 0.32-a0-540-g866d13106e (webtiles) character file.

Game seed: 2467006074838035144

16 grandjackal the Slasher (level 2, -5/22 HPs)
             Began as a Demonspawn Gladiator on Feb 29, 2024.
             Slain by Sigmund
             ... wielding a +0 scythe
              (9 damage)
             ... on level 2 of the Dungeon.
             The game lasted 00:01:07 (804 turns).

grandjackal the Slasher (Demonspawn Gladiator)       Turns: 804, Time: 00:01:08

Health: -5/22      AC:  5    Str: 14    XL:     2   Next: 37%
Magic:  2/2        EV: 12    Int:  8    God:
Gold:   32         SH:  0    Dex: 14    Spells: 1/1 levels left

rFire   . . .        a - +0 long sword
rCold   . . .        (no shield)
rNeg    . . .        b - +0 leather armour
rPois   .            c - +0 helmet
rElec   .            (no cloak)
rCorr   .            f - +0 pair of gloves
SInv    .            (no boots)
Will    .....        (no amulet)
Stlth   +            (no ring)
HPRegen 0.23/turn    (no ring)
MPRegen 0.08/turn

%: no passive effects
@: no status effects
A: demonic magic 1
a: no special abilities


You were on level 2 of the Dungeon.
You visited 1 branch of the dungeon, and saw 2 of its levels.

You collected 32 gold pieces.

Inventory:

Hand Weapons
 a - a +0 long sword (weapon)
Missiles
 d - 3 throwing nets (quivered)
 e - a javelin
Armour
 b - a +0 leather armour (worn)
 c - a +0 helmet (worn)
 f - a +0 pair of gloves (worn)
Scrolls
 h - a scroll of identify {unknown}
 j - a scroll of teleportation {unknown}
 k - a scroll of noise {unknown}
 m - a scroll of enchant weapon {unknown}
Potions
 g - a potion of curing {unknown}
 i - 2 potions of might {unknown}
 l - a potion of heal wounds {unknown}
 n - a potion of haste {unknown}


   Skills:
 + Level 2.3 Fighting
 + Level 2.9 Long Blades
 + Level 2.0 Throwing
 + Level 2.9 Dodging


You had one spell level left.
You didn't know any spells.
Your spell library contained the following spells:

 Spells                   Type           Power      Damage    Failure   Level
 Gell's Gravitas          Tloc           0%         N/A       86%         3
 Teleport Other           Tloc           0%         N/A       86%         3
 Dispersal                Tloc           0%         N/A       100%        6


Dungeon Overview and Level Annotations

Branches:
Dungeon (2/15)

Altars:

Annotations:
D:2 Sigmund


Innate Abilities, Weirdness & Mutations

Spells you cast may paralyse adjacent enemies.


Message History

Sigmund closely misses you.
You barely miss Sigmund. The bat completely misses you.
The bat hits you but does no damage.
You hit Sigmund.
Sigmund is moderately wounded.
The bat closely misses you. Sigmund misses you. The bat hits you.
You hit Sigmund.
Sigmund is moderately wounded.
The bat barely misses you. Sigmund hits you but does no damage.
You slash Sigmund!
Sigmund is severely wounded.
The bat closely misses you. Sigmund barely misses you.
You barely miss Sigmund.
Sigmund is severely wounded.
The bat barely misses you.
Sigmund says, "You will soon forget everything."
Sigmund casts a spell.
Sigmund flickers and vanishes!
Deactivating autopickup; reactivate with Ctrl-A.
You barely miss something. The bat completely misses you.
You hear some strange, mumbled words.
A puff of flame appears from out of thin air!
The puff of flame hits you. The bat closely misses you.
You barely miss something. The bat barely misses you. Something hits you.
* * * LOW HITPOINT WARNING * * *
You closely miss something. The bat misses you.
You hear some strange, mumbled words.
Something tries to affect you, but you resist.
You hit something. The bat barely misses you.
You hear some strange, mumbled words.
A magic dart appears from out of thin air!
The magic dart hits you.
* * * LOW HITPOINT WARNING * * *
The bat barely misses you.
Unknown command.
You barely miss something.
You hear some strange, mumbled words.
A puff of flame appears from out of thin air!
The puff of flame misses you. Something hits you!
You die...

..# . ♣♣ #.##
# ♣.♣♣. #..
.# ...##.# #
.. .....#.#.#
♣♣ #...#...#
♣..P♣<.b...#
♣....@...#
♣♣♣♣.>{......
♣.########
#.# #.# ♣.#
♣.# #.#


You could see a bat.

Vanquished Creatures
  3 endoplasms (D:1)
  2 goblins (D:1)
  2 hobgoblins (D:1)
  A quokka (D:1)
  3 ball pythons (D:1)
  A bat (D:1)
  A frilled lizard (D:1)
  A kobold (D:1)
14 creatures vanquished.

Notes
Turn   | Place    | Note
-------+----------+-------------------------------------------
     0 | D:1      | grandjackal the Demonspawn Gladiator began the quest for
                  | the Orb.
     0 | D:1      | Reached XP level 1. HP: 16/16 MP: 1/1
   198 | D:1      | Gained mutation: Spells you cast may paralyse adjacent
                  | enemies. [demonic ancestry]
   198 | D:1      | Reached XP level 2. HP: 14/22 MP: 2/2
   790 | D:2      | Noticed Sigmund
   804 | D:2      | Slain by Sigmund

Illustrated notes

Levels and vault maps discovered:
D:1:      orjb1_clovarrival, layout_basic, grunt_decor_one_mirror,
          minmay_octomino_e4
D:2:      wad_woods_pond, layout_basic, ebering_ecumenical_altar_abandoned,
          uniq_sigmund

Skill      XL: |  1 |
---------------+----+-----
Throwing       | 2 |  2.0
Fighting       | |  2.3
Long Blades    | |  2.9
Dodging        | |  2.9

Action                     || total
---------------------------++-------
  Melee: Long sword        ||    46
   Stab: Sleeping          ||     1
 Armour: Leather armour    ||    39
  Dodge: Dodged            ||    41

Table legend: (Time is in decaauts)
 A = Elapsed time spent in this place.
 B = Non-inter-level travel time spent in this place.
 C = Inter-level travel time spent in this place.
 D = Time resting spent in this place.
 E = Time spent auto-exploring this place.
 F = Levels seen in this place.
 G = Mean time per level.
                   A        B        C        D        E       F      G
               +--------+--------+--------+--------+--------+-----+--------+
         Total |    832 |    794 |     38 |     67 |    590 |   2 |  416.0 |
       Dungeon |    832 |    794 |     38 |     67 |    590 |   2 |  416.0 |
               +--------+--------+--------+--------+--------+-----+--------+

Top non-repeatable levels by time:
     D:1: 816 daAuts
     D:2: 16 daAuts
